| TOP OF THE 1ST |
|
Los Angeles (NYP) Dodgers batting - Pitching for Auburn Doubledays : LHP Peni Keli'i
|
|
Pitching: LHP Peni Keli'i
|
|
|
Batting: RHB Ruben Serrata
|
0-0: Called Strike 0-1: Ball 1-1: Fly out, F9 (Flyball, 9D, EV 93.8 MPH)
|
|
Batting: RHB Jonathan Underhill
|
0-0: Ball 1-0: Ball 2-0: Ball 3-0: Base on Balls
|
|
Batting: RHB Aaron Burress
|
0-0: Called Strike Pickoff Throw to First - Error! E1 Jonathan Underhill to second 0-1: Ground out 4-3 (Groundball, 13, EV 90.6 MPH) Jonathan Underhill to third
|
|
Batting: RHB Tommie Lee
|
0-0: Called Strike 0-1: Foul Ball, location: 2F 0-2: Strikes out swinging
|
| Top of the 1st over - 0 runs, 0 hits, 1 error, 1 left on base; Los Angeles (NYP) 0 - Auburn 0 |
| BOTTOM OF THE 1ST |
|
Auburn Doubledays batting - Pitching for Los Angeles (NYP) Dodgers : RHP Isidro Aguirre
|
|
Pitching: RHP Isidro Aguirre
|
|
|
Batting: RHB John Savard
|
0-0: Called Strike 0-1: Ball 1-1: Ball 2-1: Foul Ball, location: 2F 2-2: Ball 3-2: Fly out, F9 (Flyball, 9LM, EV 91.2 MPH)
|
|
Batting: RHB Antonio Morado
|
0-0: Called Strike 0-1: Swinging Strike 0-2: Ball 1-2: Foul Ball, location: 2F 1-2: Foul Ball, location: 2F 1-2: Ball 2-2: Ball 3-2: SINGLE (Groundball, P, EV 81.2 MPH) (infield hit)
|
|
Batting: RHB Nick Moreno
|
0-0: Ball Wild Pitch! Antonio Morado to second 1-0: Called Strike 1-1: Foul Ball, location: 2F 1-2: Ball Wild Pitch! Antonio Morado to third 2-2: Ball 3-2: Base on Balls
|
|
Batting: RHB Steve Bauman
|
0-0: Ball 1-0: Ball 2-0: TRIPLE (Flyball, 89XD, EV 89.4 MPH) Antonio Morado scores Nick Moreno scores
|
|
Batting: SHB Curtis DeLille
|
0-0: Called Strike 0-1: Ball 1-1: Fly out, F7 (Flyball, 7LD, EV 103.8 MPH) Runner from 3rd tags up, SCORES, no throw by LF
|
|
Batting: LHB Elias Posada
|
0-0: Ball 1-0: Called Strike 1-1: Foul Ball, location: 2F 1-2: Foul Ball, location: 2F 1-2: Strikes out swinging
|
| Bottom of the 1st over - 3 runs, 2 hits, 0 errors, 0 left on base; Los Angeles (NYP) 0 - Auburn 3 |
| TOP OF THE 2ND |
|
Los Angeles (NYP) Dodgers batting - Pitching for Auburn Doubledays : LHP Peni Keli'i
|
|
Batting: SHB Justin Toth
|
0-0: Called Strike 0-1: Swinging Strike 0-2: Ball 1-2: Ball 2-2: Foul Ball, location: 2F 2-2: Ball 3-2: Foul Ball, location: 2F 3-2: Base on Balls
|
|
Batting: RHB Dave Cordero
|
0-0: Foul Ball, location: 2F 0-1: Foul Ball, location: 2F 0-2: Ball 1-2: Ball 2-2: Foul Ball, location: 2F 2-2: Strikes out looking
|
|
Batting: RHB Shinji Aizawa
|
0-0: Ball 1-0: Ball 2-0: Ball 3-0: Foul Ball, location: 2F 3-1: Base on Balls Justin Toth to second
|
|
Batting: RHB Nick Massengale
|
0-0: Fly out, F8 (Flyball, 8RM, EV 94.4 MPH)
|
|
Batting: LHB Jose Mojica
|
0-0: Swinging Strike Passed Ball! Justin Toth to third Shinji Aizawa to second 0-1: Swinging Strike 0-2: Foul Ball, location: 2F 0-2: Ball 1-2: Ball 2-2: Foul Ball, location: 2F 2-2: Strikes out looking
|
| Top of the 2nd over - 0 runs, 0 hits, 0 errors, 2 left on base; Los Angeles (NYP) 0 - Auburn 3 |
| BOTTOM OF THE 2ND |
|
Auburn Doubledays batting - Pitching for Los Angeles (NYP) Dodgers : RHP Isidro Aguirre
|
|
Batting: LHB Yoshiya Kurokawa
|
0-0: Swinging Strike 0-1: Foul Ball, location: 2F 0-2: Ball 1-2: Foul Ball, location: 2F 1-2: Fly out, F8 (Flyball, 8LXD, EV 101.2 MPH)
|
|
Batting: LHB Adam Jacobs
|
0-0: Called Strike 0-1: Foul Ball, location: 2F 0-2: Strikes out swinging
|
|
Batting: RHB Scott Skoglund
|
0-0: Foul Ball, location: 2F 0-1: Ball 1-1: Called Strike 1-2: Ball 2-2: Foul Ball, location: 2F 2-2: Fly out, F9 (Line Drive, 9S, EV 94.4 MPH)
|
| Bottom of the 2nd over - 0 runs, 0 hits, 0 errors, 0 left on base; Los Angeles (NYP) 0 - Auburn 3 |
| TOP OF THE 3RD |
|
Los Angeles (NYP) Dodgers batting - Pitching for Auburn Doubledays : LHP Peni Keli'i
|
|
Batting: RHB Ruben Serrata
|
0-0: Ball 1-0: Foul Ball, location: 2F 1-1: Swinging Strike 1-2: Foul Ball, location: 2F 1-2: Ball 2-2: Ball 3-2: Base on Balls
|
|
Batting: RHB Jonathan Underhill
|
0-0: Ball 1-0: Called Strike 1-1: 2-RUN HOME RUN (Flyball, 7D, EV 101.9 MPH), Distance : 400 ft
|
|
Batting: RHB Aaron Burress
|
0-0: Foul Ball, location: 2F 0-1: Ball 1-1: Foul Ball, location: 2F 1-2: SINGLE (Groundball, 6MD, EV 107.5 MPH)
|
|
Batting: RHB Tommie Lee
|
0-0: Swinging Strike 0-1: Ball 1-1: Swinging Strike 1-2: Ball 2-2: Strikes out swinging
|
|
Batting: SHB Justin Toth
|
0-0: Ball 1-0: Fly out, F8 (Flyball, 8LD, EV 99.4 MPH)
|
|
Batting: RHB Dave Cordero
|
0-0: Ball 1-0: Ball 2-0: Ball 3-0: Base on Balls Aaron Burress to second
|
|
Batting: RHB Shinji Aizawa
|
0-0: Foul Ball, location: 2F 0-1: Ball 1-1: Foul Ball, location: 2F 1-2: Foul Ball, location: 2F 1-2: Ball 2-2: Strikes out looking
|
| Top of the 3rd over - 2 runs, 2 hits, 0 errors, 2 left on base; Los Angeles (NYP) 2 - Auburn 3 |
| BOTTOM OF THE 3RD |
|
Auburn Doubledays batting - Pitching for Los Angeles (NYP) Dodgers : RHP Isidro Aguirre
|
|
Batting: RHB John Savard
|
0-0: Ball 1-0: SINGLE (Line Drive, 7S, EV 88.1 MPH)
|
|
Batting: RHB Antonio Morado
|
0-0: Called Strike 0-1: Ball 1-1: Ball 2-1: Called Strike 2-2: Fielders Choice at 2nd, 1-4 (Groundball, 15S, EV 75.6 MPH)
|
|
Batting: RHB Nick Moreno
|
0-0: SINGLE (Line Drive, 5D, EV 95.0 MPH) Antonio Morado to second
|
|
Batting: RHB Steve Bauman
|
0-0: Ball Wild Pitch! Antonio Morado to third Nick Moreno to second 1-0: Ball 2-0: Foul Ball, location: 2F 2-1: Ball 3-1: Foul Ball, location: 2F 3-2: Foul Ball, location: 2F 3-2: Base on Balls
|
|
Batting: SHB Curtis DeLille
|
0-0: Ball 1-0: Swinging Strike 1-1: Ball 2-1: Foul Ball, location: 2F 2-2: Strikes out swinging
|
|
Batting: LHB Elias Posada
|
0-0: Ball 1-0: Ball 2-0: Ground out 4-3 (Groundball, 4, EV 93.8 MPH)
|
| Bottom of the 3rd over - 0 runs, 2 hits, 0 errors, 3 left on base; Los Angeles (NYP) 2 - Auburn 3 |
| TOP OF THE 4TH |
|
Los Angeles (NYP) Dodgers batting - Pitching for Auburn Doubledays : LHP Peni Keli'i
|
|
Batting: RHB Nick Massengale
|
0-0: Ball 1-0: SOLO HOME RUN (Flyball, 7D, EV 104.4 MPH), Distance : 390 ft
|
|
Batting: LHB Jose Mojica
|
0-0: Ball 1-0: Foul Ball, location: 2F 1-1: Ball 2-1: Ball 3-1: Called Strike 3-2: Foul Ball, location: 2F 3-2: Fly out, F9 (Flyball, 9D, EV 103.8 MPH)
|
|
Batting: RHB Ruben Serrata
|
0-0: Ball 1-0: Called Strike 1-1: Ball 2-1: Swinging Strike 2-2: Foul Ball, location: 2F 2-2: Ball 3-2: Strikes out swinging
|
|
Batting: RHB Jonathan Underhill
|
0-0: Ball 1-0: Called Strike 1-1: Ball 2-1: Ball 3-1: Base on Balls
|
|
Batting: RHB Aaron Burress
|
0-0: Called Strike 0-1: Called Strike Jonathan Underhill steals 2nd base 0-2: Ball 1-2: Strikes out swinging
|
| Top of the 4th over - 1 run, 1 hit, 0 errors, 1 left on base; Los Angeles (NYP) 3 - Auburn 3 |
| BOTTOM OF THE 4TH |
|
Auburn Doubledays batting - Pitching for Los Angeles (NYP) Dodgers : RHP Isidro Aguirre
|
|
Batting: LHB Yoshiya Kurokawa
|
0-0: Called Strike 0-1: Called Strike 0-2: Ball 1-2: SOLO HOME RUN (Flyball, 9LD, EV 95.6 MPH), Distance : 362 ft
|
|
Batting: LHB Adam Jacobs
|
0-0: Called Strike 0-1: Ball 1-1: Foul Ball, location: 2F 1-2: Strikes out swinging
|
|
Batting: RHB Scott Skoglund
|
0-0: Ball 1-0: Foul Ball, location: 2F 1-1: Ball 2-1: Fly out, F7 (Flyball, 7D, EV 95.6 MPH)
|
|
Batting: RHB John Savard
|
0-0: Ground out 5-3 (Groundball, 5, EV 101.9 MPH)
|
| Bottom of the 4th over - 1 run, 1 hit, 0 errors, 0 left on base; Los Angeles (NYP) 3 - Auburn 4 |
| TOP OF THE 5TH |
|
Los Angeles (NYP) Dodgers batting - Pitching for Auburn Doubledays : LHP Peni Keli'i
|
|
Pitching: RHP Chris Lawrence
|
|
|
Batting: RHB Tommie Lee
|
0-0: Foul Ball, location: 2F 0-1: Ball 1-1: Foul Ball, location: 2F 1-2: Strikes out swinging
|
|
Batting: SHB Justin Toth
|
0-0: Ball 1-0: Called Strike 1-1: Foul Ball, location: 2F 1-2: Strikes out swinging
|
|
Batting: RHB Dave Cordero
|
0-0: Fly out, F8 (Flyball, 8RXD, EV 98.1 MPH)
|
| Top of the 5th over - 0 runs, 0 hits, 0 errors, 0 left on base; Los Angeles (NYP) 3 - Auburn 4 |
| BOTTOM OF THE 5TH |
|
Auburn Doubledays batting - Pitching for Los Angeles (NYP) Dodgers : RHP Isidro Aguirre
|
|
Batting: RHB Antonio Morado
|
0-0: Foul Ball, location: 2F 0-1: Ball 1-1: Foul Ball, location: 2F 1-2: Foul Ball, location: 2F 1-2: Ball 2-2: Ground out 5-3 (Groundball, 56, EV 87.5 MPH)
|
|
Batting: RHB Nick Moreno
|
0-0: Swinging Strike 0-1: Ball 1-1: Ball 2-1: Ground out 4-3 (Groundball, 4MS, EV 69.4 MPH)
|
|
Batting: RHB Steve Bauman
|
0-0: Ball 1-0: Called Strike 1-1: Ball 2-1: Ground out 6-3 (Groundball, 6, EV 111.2 MPH)
|
| Bottom of the 5th over - 0 runs, 0 hits, 0 errors, 0 left on base; Los Angeles (NYP) 3 - Auburn 4 |
| TOP OF THE 6TH |
|
Los Angeles (NYP) Dodgers batting - Pitching for Auburn Doubledays : RHP Chris Lawrence
|
|
Batting: RHB Shinji Aizawa
|
0-0: Ball 1-0: Swinging Strike 1-1: Swinging Strike 1-2: Foul Ball, location: 2F 1-2: Strikes out swinging
|
|
Pinch Hitting: LHB Tony Morales
|
0-0: Ball 1-0: Ball 2-0: SINGLE (Groundball, 6MD, EV 106.9 MPH)
|
|
Batting: LHB Jose Mojica
|
0-0: Foul Ball, location: 2F 0-1: Foul Ball, location: 2F 0-2: Strikes out swinging
|
|
Batting: RHB Ruben Serrata
|
0-0: Ground out 5-3 (Groundball, 5S, EV 80.0 MPH)
|
| Top of the 6th over - 0 runs, 1 hit, 0 errors, 1 left on base; Los Angeles (NYP) 3 - Auburn 4 |
| BOTTOM OF THE 6TH |
|
Auburn Doubledays batting - Pitching for Los Angeles (NYP) Dodgers : RHP Isidro Aguirre
|
|
Pitching: RHP Ramon Luna
|
|
|
Now in LF: Tony Morales
|
|
|
Now in RF: Justin Toth
|
|
|
Batting: SHB Curtis DeLille
|
0-0: Ball 1-0: Foul Ball, location: 2F 1-1: Ground out 4-3 (Groundball, 13, EV 88.1 MPH)
|
|
Batting: LHB Elias Posada
|
0-0: Foul Ball, location: 2F 0-1: Ball 1-1: Ground out 3-1 (Groundball, 3D, EV 85.0 MPH)
|
|
Batting: LHB Yoshiya Kurokawa
|
0-0: Called Strike 0-1: Ball 1-1: Ball 2-1: Ball 3-1: Swinging Strike 3-2: Strikes out swinging
|
| Bottom of the 6th over - 0 runs, 0 hits, 0 errors, 0 left on base; Los Angeles (NYP) 3 - Auburn 4 |
| TOP OF THE 7TH |
|
Los Angeles (NYP) Dodgers batting - Pitching for Auburn Doubledays : RHP Chris Lawrence
|
|
Pitching: LHP Gregg Huddleston
|
|
|
Batting: RHB Jonathan Underhill
|
0-0: Ball 1-0: Foul Ball, location: 2F 1-1: Ball 2-1: Foul Ball, location: 2F 2-2: Fly out, F7 (Flyball, 78S, EV 87.5 MPH)
|
|
Batting: RHB Aaron Burress
|
0-0: Ball 1-0: Ball 2-0: Ball 3-0: Called Strike 3-1: Base on Balls
|
|
Batting: RHB Tommie Lee
|
0-0: 2-RUN HOME RUN (Flyball, 9LD, EV 91.2 MPH), Distance : 350 ft
|
|
Batting: SHB Justin Toth
|
0-0: Ball 1-0: Called Strike 1-1: Ground out 6-3 (Groundball, 6M, EV 82.5 MPH)
|
|
Batting: RHB Dave Cordero
|
0-0: Swinging Strike 0-1: Ground out 4-3 (Groundball, 4, EV 87.5 MPH)
|
| Top of the 7th over - 2 runs, 1 hit, 0 errors, 0 left on base; Los Angeles (NYP) 5 - Auburn 4 |
| BOTTOM OF THE 7TH |
|
Auburn Doubledays batting - Pitching for Los Angeles (NYP) Dodgers : RHP Ramon Luna
|
|
Batting: LHB Adam Jacobs
|
0-0: Ball 1-0: Ball 2-0: Foul Ball, location: 2F 2-1: Ball 3-1: Ground out 6-3 (Groundball, 6, EV 91.2 MPH)
|
|
Pinch Hitting: SHB Gabe Fraunfelder
|
0-0: Ball 1-0: SINGLE (Groundball, P, EV 87.5 MPH) (infield hit)
|
|
Pinch Hitting: LHB Kyung-jin Cho
|
0-0: Ball Gabe Fraunfelder is caught stealing 2nd base 2-6 1-0: Foul Ball, location: 2F 1-1: Foul Ball, location: 2F 1-2: Ground out 2-3 (Groundball, 2L, EV 73.1 MPH)
|
| Bottom of the 7th over - 0 runs, 1 hit, 0 errors, 0 left on base; Los Angeles (NYP) 5 - Auburn 4 |
| TOP OF THE 8TH |
|
Los Angeles (NYP) Dodgers batting - Pitching for Auburn Doubledays : LHP Gregg Huddleston
|
|
Pitching: LHP Kevin Besser
|
|
|
Now at 2B: Gabe Almazan
|
|
|
Now in LF: Kyung-jin Cho
|
|
|
Batting: RHB Shinji Aizawa
|
0-0: Called Strike 0-1: Ball 1-1: Ball 2-1: SINGLE (Groundball, 56, EV 95.6 MPH)
|
|
Batting: LHB Tony Morales
|
0-0: Foul Ball, location: 2F 0-1: Ball 1-1: Ball 2-1: Ball 3-1: Foul Ball, location: 2F 3-2: Strikes out swinging
|
|
Batting: LHB Jose Mojica
|
0-0: Ball 1-0: SINGLE (Groundball, 34D, EV 98.1 MPH) Shinji Aizawa to second Runner from 2nd tries for 3rd, SAFE, throw by RF made to third
|
|
Pitching: RHP Gareth Cutts
|
|
|
Batting: RHB Ruben Serrata
|
0-0: Ball 1-0: Ball 2-0: DOUBLE (Flyball, 8LXD, EV 100.6 MPH) Shinji Aizawa scores Jose Mojica to third Runner from 3rd tries for Home, SAFE, throw by CF to trailing runner, SAFE at third!
|
|
Batting: RHB Jonathan Underhill
|
0-0: Fly out, F8 (Line Drive, 8RD, EV 88.1 MPH) Runner from 3rd tags up, SCORES, throw by CF
|
|
Batting: RHB Aaron Burress
|
0-0: Ball 1-0: Ball 2-0: Called Strike 2-1: Foul Ball, location: 2F 2-2: Fly out, F9 (Flyball, 9D, EV 98.8 MPH)
|
| Top of the 8th over - 3 runs, 3 hits, 0 errors, 0 left on base; Los Angeles (NYP) 8 - Auburn 4 |
| BOTTOM OF THE 8TH |
|
Auburn Doubledays batting - Pitching for Los Angeles (NYP) Dodgers : RHP Ramon Luna
|
|
Pitching: LHP Bill Esten
|
|
|
Batting: RHB Antonio Morado
|
0-0: Swinging Strike 0-1: Ball 1-1: Called Strike 1-2: Strikes out looking
|
|
Batting: RHB Nick Moreno
|
0-0: Called Strike 0-1: Called Strike 0-2: Ball 1-2: Foul Ball, location: 2F 1-2: SINGLE (Groundball, 6M, EV 96.9 MPH) (infield hit)
|
|
Batting: RHB Steve Bauman
|
0-0: Ball 1-0: Foul Ball, location: 2F 1-1: Foul Ball, location: 2F 1-2: Ball 2-2: Ball 3-2: Base on Balls Nick Moreno to second
|
|
Batting: SHB Curtis DeLille
|
0-0: Ball 1-0: Ball 2-0: Called Strike 2-1: Foul Ball, location: 2F 2-2: Strikes out swinging
|
|
Batting: LHB Elias Posada
|
0-0: Foul Ball, location: 2F 0-1: Swinging Strike 0-2: Strikes out looking
|
| Bottom of the 8th over - 0 runs, 1 hit, 0 errors, 2 left on base; Los Angeles (NYP) 8 - Auburn 4 |
| TOP OF THE 9TH |
|
Los Angeles (NYP) Dodgers batting - Pitching for Auburn Doubledays : RHP Gareth Cutts
|
|
Batting: RHB Tommie Lee
|
0-0: Swinging Strike 0-1: Foul Ball, location: 2F 0-2: Fly out, F8 (Flyball, 8LD, EV 98.8 MPH)
|
|
Batting: SHB Justin Toth
|
0-0: Ball 1-0: Called Strike 1-1: Ball 2-1: Foul Ball, location: 2F 2-2: Ball 3-2: SOLO HOME RUN (Flyball, 9D, EV 101.2 MPH), Distance : 404 ft
|
|
Batting: RHB Dave Cordero
|
0-0: Foul Ball, location: 2F 0-1: Ball 1-1: Reached on error, E5 (Groundball, 56, EV 104.4 MPH)
|
|
Batting: RHB Shinji Aizawa
|
0-0: Called Strike 0-1: Fly out, F3 (Popup, 3SF, EV 74.4 MPH)
|
|
Batting: LHB Tony Morales
|
0-0: Foul Ball, location: 2F 0-1: Ball Dave Cordero steals 2nd base 1-1: Called Strike 1-2: Foul Ball, location: 2F 1-2: Foul Ball, location: 2F 1-2: Strikes out swinging
|
| Top of the 9th over - 1 run, 1 hit, 1 error, 1 left on base; Los Angeles (NYP) 9 - Auburn 4 |
| BOTTOM OF THE 9TH |
|
Auburn Doubledays batting - Pitching for Los Angeles (NYP) Dodgers : LHP Bill Esten
|
|
Batting: LHB Yoshiya Kurokawa
|
0-0: Called Strike 0-1: Ball 1-1: Foul Ball, location: 2F 1-2: Foul Ball, location: 2F 1-2: Ball 2-2: Fly out, F8 (Flyball, 8LXD, EV 92.5 MPH)
|
|
Batting: LHB Adam Jacobs
|
0-0: Called Strike 0-1: Ball 1-1: Swinging Strike 1-2: Ball 2-2: Foul Ball, location: 2F 2-2: Strikes out swinging
|
|
Batting: RHB Gabe Almazan
|
0-0: Called Strike 0-1: Ball 1-1: Swinging Strike 1-2: Ball 2-2: Ball 3-2: Foul Ball, location: 2F 3-2: Foul Ball, location: 2F 3-2: Foul Ball, location: 2F 3-2: SINGLE (Groundball, 6MS, EV 68.1 MPH) (infield hit)
|
|
Pitching: RHP Jose Guajardo
|
|
|
Batting: LHB Kyung-jin Cho
|
0-0: Foul Ball, location: 2F 0-1: Ball 1-1: Ball 2-1: Ball 3-1: Base on Balls Gabe Almazan to second
|
|
Batting: RHB Antonio Morado
|
0-0: Ground out U3 (Groundball, 3L, EV 88.8 MPH)
|
| Bottom of the 9th over - 0 runs, 1 hit, 0 errors, 2 left on base; Los Angeles (NYP) 9 - Auburn 4 |
|